 Dungeon Crawl Stone Soup version 0.30-a0-1157-g2cc9ac7196 (webtiles) character file.

Game seed: 18406974738408557978

752 ytrimaz the Sneak (level 7, 0/69 HPs)
             Began as an Octopode Fighter on Apr 24, 2023.
             Slain by an ice beast (6 damage)
             ... on level 6 of the Dungeon.
             The game lasted 00:05:24 (4707 turns).

ytrimaz the Sneak (Octopode Fighter)                Turns: 4707, Time: 00:05:24

Health: 0/69       AC: 23    Str: 16    XL:     7   Next: 78%
Magic:  7/7        EV:  2    Int: 10    God:
Gold:   304        SH:  6    Dex: 13    Spells: 6/6 levels left

rFire   . . .        a - +0 long sword (freeze)
rCold   . . .        b - +1 buckler
rNeg    . . .        u - melded +1 hat
rPois   +            (no amulet)
rElec   .            o - ring of wizardry
rCorr   .            (no ring)
SInv    .            (no ring)
Will    .....        (no ring)
Stlth   +++          (no ring)
HPRegen 0.31/turn    (no ring)
MPRegen 0.10/turn    (no ring)
                     (no ring)

%: wizardry (x1)
@: tree-form
A: stationary, stasis, torment immunity, boosted hp, almost no armour,
(amphibious), 8 rings, (camouflage 1), (gelatinous body 1), (nimble swimmer 1),
(tentacles)
a: no special abilities


You were on level 6 of the Dungeon.
You were a tree.
You visited 2 branches of the dungeon, and saw 7 of its levels.
You also visited: Sewer.

You collected 304 gold pieces.


Innate Abilities, Weirdness & Mutations

You are a tree.
Your roots penetrate the ground, keeping you stationary.
You cannot be teleported.
You are immune to unholy pain and torment.
Your maximum health is greatly increased.
You cannot wear most types of armour.
((You are amphibious.))
You can wear up to eight rings at the same time.
((Your skin changes colour to match your surroundings (Stealth+).))
((Your rubbery body absorbs attacks. (AC +1, EV +1)))
((You are camouflaged when in or above water. (Stealth+)))
((You have tentacles for arms and can constrict up to eight enemies at once.))


   Skills:
 - Level 3.0 Fighting
 * Level 5.3 Long Blades
 + Level 5.2 Dodging
 + Level 6.0 Stealth
 - Level 4.0 Shields


You had 6 spell levels left.
You didn't know any spells.
Your spell library contained the following spells:

 Spells                   Type           Power      Damage    Failure   Level
 Call Canine Familiar     Summ           0%         N/A       47%         3
 Portal Projectile        Hex/Tloc       0%         N/A       47%         3
 Leda's Liquefaction      Hex/Erth       0%         N/A       86%         4

Inventory:

Hand Weapons
 a - a +0 long sword of freezing (weapon)
Armour
 b - a +1 buckler (worn)
 u - a +1 hat (melded)
   (You found it on level 5 of the Dungeon)
Jewellery
 o - a ring of wizardry (left branch)
   (You found it on level 4 of the Dungeon)
Scrolls
 h - a scroll of noise
 i - 2 scrolls of brand weapon
 p - 3 scrolls of amnesia
 q - a scroll of poison
Potions
 c - a potion of might
 d - 3 potions of heal wounds
 e - 3 potions of curing
 f - 3 potions of brilliance {unknown}
 g - 2 potions of invisibility {unknown}
 j - 3 potions of haste {unknown}
 k - a potion of lignification
 l - 2 potions of ambrosia
 m - a potion of magic
 n - a potion of attraction {unknown}
 r - 2 potions of cancellation {unknown}
 s - 2 potions of mutation {unknown}

Dungeon Overview and Level Annotations

Branches:
Dungeon (6/15) Zot: 26915  Temple (1/1) D:4 Zot: 5842   Sewer (visited)

Altars:
Ashenzari
Cheibriados
Dithmenos
Elyvilon
Fedhas
Gozag
Hepliaklqana
Kikubaaqudgha
Makhleb
Okawaru
Ru
Sif Muna
Vehumet
Xom
Zin

#.#....# #.
#...#### # #.
###....# #.#
#.########.####
...#..........#
#.#......###.#
#...#.:...##.#
#.F.....##.#
...#Y♣....##.#
.....s#.....##.#
..... #.).)....#
#... ###..###.#
..# #..# # .
#..# #..# #..#
...)


You could see an ice beast, a bullfrog and a scorpion.


Message History

You hit the orc but do no damage. You grab the orc.
You constrict the orc, but do no damage.
The orc misses you.
You slash the orc! You freeze the orc.
You kill the orc! 😕 HP[+1] Unknown command.
Things that are here:
a +0 dagger; a +0 chain mail You slash the ogre!
You freeze the ogre. The ogre closely misses you. 😕 HP[+1]
You hit the ogre. You freeze the ogre. You squeeze the ogre.
You block the ogre's attack.
You hit the ogre but do no damage. You squeeze the ogre.
The ogre barely misses you.
You slash the ogre! You freeze the ogre.
You kill the ogre!
Your Stealth skill increases to level 6!
No target in view!
Unknown command.
A white imp comes into view.
Things that are here:
a +0 giant spiked club; an ogre corpse; 😎 HP[+1]
Your hp is fully restored (46).
The white imp shouts, "Flee, thou hateful weeb-spouting nobody!"
You hear a shout!
The white imp gestures at you. The puff of frost hits you! 😕 HP[-7]
You take 7 damage, and now have 39/46 hp.
A white imp is nearby!
Unknown command.
A white imp is nearby!
The white imp gestures at you. The puff of frost hits you! 😮 HP[-10]
You take 10 damage, and now have 29/46 hp.
MASSIVE DAMAGE!! (PAUSE)
An ice beast and a scorpion come into view.
A bullfrog comes into view.
The white imp gestures at you. The puff of frost hits you. 😮 HP[-5]
You take 5 damage, and now have 24/46 hp.
You are too injured to fight recklessly!
You barely miss the white imp.
The bullfrog gives a loud, deep croak!
You grab the white imp.
You constrict the white imp, but do no damage.
The white imp gestures at you. The puff of frost misses you.
Unknown command.
You hit the white imp but do no damage. You squeeze the white imp!
You constrict the white imp. The white imp gestures at you.
The puff of frost hits you!
* * * LOW HITPOINT WARNING * * *
😨 HP[-9]
You take 9 damage, and now have 15/46 hp.
Unknown command.
You hit the white imp.
You kill the white imp!
You hit the ice beast.
The ice beast barely misses you. 😨 HP[+1]
You completely miss the ice beast. The ice beast hits you.
* * * LOW HITPOINT WARNING * * *
The ice beast freezes you!
* * * LOW HITPOINT WARNING * * *
The ice beast closely misses you. 😱 HP[-13]
You take 13 damage, and now have 3/46 hp.
MASSIVE DAMAGE!! (PAUSE)
You feel much better. The ice beast hits you.
* * * LOW HITPOINT WARNING * * *
The ice beast freezes you!
* * * LOW HITPOINT WARNING * * *
😱 HP[+5]
You regained 5 hp, and now have 8/46 hp.
Really quaff the potion of lignification?
You turn into a tree.
Your +1 hat melds into your body.
Your roots penetrate the ground.
The ice beast hits you but does no damage. 😱 HP[+5]
You now have 69 max hp (+23).
You regained 5 hp, and now have 13/69 hp.
Unknown command.
You hit the ice beast but do no damage.
The ice beast hits you but does no damage. 😱 HP[+1]
You barely miss the ice beast.
The bullfrog hits you but does no damage.
The ice beast hits you but does no damage.
Unknown command.
You hit the ice beast. The bullfrog hits you.
* * * LOW HITPOINT WARNING * * *
The bullfrog hits you but does no damage.
The ice beast hits you.
* * * LOW HITPOINT WARNING * * *
The ice beast freezes you.
You die...

Skill      XL: |  1  2  3  4  5  6  7 |
---------------+----------------------+-----
Shields        | 4 |  4.0
Stealth        | 2 3 4 6 |  6.0
Long Blades    | 3 4 5 |  5.3
Dodging        | 4 5 |  5.2
Fighting       | |  3.0

Action                     |  1- 3 |  4- 6 |  7- 9 || total
---------------------------+-------+-------+-------++-------
  Melee: Long sword        |    74 |   105 |   107 ||   286
         Constrict         |    23 |    34 |    28 ||    85
         Tentacles         |    12 |    23 |    23 ||    58
         Punch             |     1 |     2 |     1 ||     4
    Use: Scroll            |     5 |     6 |     3 ||    14
         Potion            |       |       |     3 ||     3
   Stab: Sleeping          |     6 |     6 |    19 ||    31
 Armour: Skin              |    11 |     6 |     6 ||    23
  Dodge: Dodged            |    41 |    79 |    66 ||   186
  Block: Buckler           |    12 |    16 |    22 ||    50

Levels and vault maps discovered:
D:1:      dpeg_arrival_three_smaller_balls, layout_rooms,
          hellmonk_ecumenical_altar_pennies_from_heaven
D:2:      layout_basic, serial_undead, serial_undead_a, serial_undead_c,
          serial_undead_f, serial_undead_b
D:3:      layout_basic, nicolae_overflow_hidden_temple,
          nicolae_overflow_ecumenical_swirl, gammafunk_temple_overflow_pools,
          serial_park_tiny_2
D:4:      layout_rooms, minmay_temple_entry_statues, minmay_misc_feat_cross,
          chequers_mini_garden
D:5:      layout_cave_pods, gup_sewer_entry_bubbles
D:6:      layout_loops_ring, kennysheep_pointless_box,
          minmay_increasing_density, uniq_duvessa, uniq_eustachio
Temple:   hellmonk_temple_flake

Notes
Turn   | Place    | Note
-------+----------+-------------------------------------------
     0 | D:1      | ytrimaz the Octopode Fighter began the quest for the Orb.
     0 | D:1      | Reached XP level 1. HP: 16/16 MP: 1/1
     0 | D:1      | magus.rc [v1.9.6]
    94 | D:1      | Found a faded altar of an unknown god.
   325 | D:1      | Reached XP level 2. HP: 21/21 MP: 2/2
   632 | D:2      | Reached XP level 3. HP: 26/26 MP: 3/3
   720 | D:2      | HP: 3/26 [worm (10)]
   830 | D:2      | Reached skill level 4 in Shields
  1092 | D:2      | Reached XP level 4. HP: 26/31 MP: 4/4
  1249 | D:2      | Reached skill level 1 in Stealth
  1451 | D:2      | Reached skill level 3 in Long Blades
  1640 | D:3      | Reached skill level 2 in Stealth
  1651 | D:3      | Reached XP level 5. HP: 20/36 MP: 5/5
  1781 | D:3      | Found a faded altar of an unknown god.
  1886 | D:3      | Found an iron altar of Okawaru.
  1886 | D:3      | Found a shimmering altar of Xom.
  1983 | D:3      | Found a white marble altar of Elyvilon.
  2293 | D:4      | Found a staircase to the Ecumenical Temple.
  2389 | D:4      | You pick up a book of the Hunter and begin reading...
  2389 | D:4      | You add the spells Call Canine Familiar, Portal Projectile
                  | and Leda's Liquefaction to your library.
  2400 | D:4      | Reached skill level 3 in Stealth
  2439 | D:4      | Reached skill level 4 in Long Blades
  2439 | D:4      | Reached skill level 4 in Dodging
  2439 | D:4      | Reached XP level 6. HP: 42/42 MP: 6/6
  2585 | D:4      | Reached skill level 4 in Stealth
  2744 | Temple   | Entered the Ecumenical Temple
  2928 | D:5      | Entered Level 5 of the Dungeon
  3170 | D:5      | Reached XP level 7. HP: 34/46 MP: 7/7
  3321 | D:5      | Reached skill level 5 in Stealth
  3361 | D:5      | Found a glowing drain.
  3369 | Sewer    | Entered a sewer
  3689 | Sewer    | Reached skill level 5 in Dodging
  4139 | D:5      | Reached skill level 5 in Long Blades
  4139 | D:5      | HP: 9/46 [orc/+0 hand axe (7)]
  4140 | D:5      | HP: 3/46 [orc/+0 short sword (4)]
  4694 | D:6      | Reached skill level 6 in Stealth
  4702 | D:6      | HP: 3/46 [ice beast (12)]
  4707 | D:6      | HP: 10/69 [bullfrog (4)]
  4707 | D:6      | Slain by an ice beast

Vanquished Creatures
  2 ogres
  A bullfrog (D:4)
  A kobold brigand (Sewer)
  2 hounds
  An orc priest (D:5)
  A sleepcap (D:5)
  3 iguanas
  8 adders
  2 river rats (Sewer)
  A white imp (D:6)
  An adder zombie (D:2)
  2 dart slugs
  3 worms (D:2)
  10 orcs
  7 endoplasms
  9 giant cockroaches
  6 hobgoblins
  10 jackals
  21 kobolds
  4 quokkas
  14 ball pythons
  A ball python skeleton (D:2)
  4 bats
  3 frilled lizards
  3 goblins
  29 rats
149 creatures vanquished.

Vanquished Creatures (others)
  A withered plant (D:2)
1 creature vanquished.

Grand Total: 150 creatures vanquished

Table legend:
 A = Non-vault XP
 B = Vault XP
 C = Vault XP percentage of total XP
 D = Non-vault monster count
 E = Vault monster count
 F = Vault count percentage of total count
                 A         B        C        D         E       F
            +---------+---------+-------+---------+---------+-------
      Total |     881 |     194 |  18.0 |      98 |      51 |  34.2
            +---------+---------+-------+---------+---------+-------
        D:1 |      20 |       0 |   0.0 |      14 |       0 |   0.0
        D:2 |      86 |       7 |   7.5 |      26 |       2 |   7.1
        D:3 |      93 |       0 |   0.0 |      18 |       0 |   0.0
        D:4 |     304 |       0 |   0.0 |      18 |       0 |   0.0
        D:5 |     257 |      10 |   3.7 |      20 |       6 |  23.1
        D:6 |     121 |      10 |   7.6 |       2 |       1 |  33.3
      Sewer |       0 |     167 | 100.0 |       0 |      42 | 100.0
            +---------+---------+-------+---------+---------+-------

Skill      XL: |  1  2  3  4  5  6  7 |
---------------+----------------------+-----
Shields        | 4 |  4.0
Stealth        | 2 3 4 6 |  6.0
Long Blades    | 3 4 5 |  5.3
Dodging        | 4 5 |  5.2
Fighting       | |  3.0

Action                     |  1- 3 |  4- 6 |  7- 9 || total
---------------------------+-------+-------+-------++-------
  Melee: Long sword        |    74 |   105 |   107 ||   286
         Constrict         |    23 |    34 |    28 ||    85
         Tentacles         |    12 |    23 |    23 ||    58
         Punch             |     1 |     2 |     1 ||     4
    Use: Scroll            |     5 |     6 |     3 ||    14
         Potion            |       |       |     3 ||     3
   Stab: Sleeping          |     6 |     6 |    19 ||    31
 Armour: Skin              |    11 |     6 |     6 ||    23
  Dodge: Dodged            |    41 |    79 |    66 ||   186
  Block: Buckler           |    12 |    16 |    22 ||    50

Illustrated notes

Table legend:
 A = Kills in this place as a percentage of kills in the entire game.
 B = Kills by you in this place as a percentage of kills by you in the entire game.
 C = Kills by friends in this place as a percentage of kills by friends in the entire game.
 D = Other kills in this place as a percentage of other kills in the entire game.
 E = Experience gained in this place as a percentage of experience gained in the entire game.
 F = Experience gained in this place divided by the number of levels of this place that you have seen.
                   A       B       C       D       E      F
               +-------+-------+-------+-------+-------+----------------------
         Total | 100.0 | 100.0 |   N/A |   N/A | 100.0 | 134.4
       Dungeon |  71.8 |  71.8 |   N/A |   N/A |  84.5 | 151.3
         Sewer |  28.2 |  28.2 |   N/A |   N/A |  15.5 | 167.0
               +-------+-------+-------+-------+-------+----------------------

Table legend: (Time is in decaauts)
 A = Elapsed time spent in this place.
 B = Non-inter-level travel time spent in this place.
 C = Inter-level travel time spent in this place.
 D = Time resting spent in this place.
 E = Time spent auto-exploring this place.
 F = Levels seen in this place.
 G = Mean time per level.
                   A        B        C        D        E       F      G
               +--------+--------+--------+--------+--------+-----+--------+
         Total |   4777 |   4596 |    181 |     80 |   3430 |   8 |  597.1 |
       Dungeon |   4039 |   3867 |    172 |     80 |   2932 |   6 |  673.2 |
        Temple |    157 |    148 |      9 |      0 |    135 |   1 |  157.0 |
         Sewer |    580 |    580 |      0 |      0 |    363 |   1 |  580.0 |
               +--------+--------+--------+--------+--------+-----+--------+

Top non-repeatable levels by time:
     D:5: 1141 daAuts
     D:2: 1033 daAuts
     D:3: 640 daAuts
   Sewer: 580 daAuts
     D:1: 572 daAuts
     D:4: 567 daAuts
  Temple: 157 daAuts
     D:6: 83 daAuts
